 Dungeon Crawl Stone Soup version 0.24.0-13-gcf9b319 (webtiles) character file.

Game seed: 1555194838969152420, levelgen mode: deterministic

41349 Fang the Fighter (level 14, -14/94 HPs)
             Began as a Gargoyle Berserker on Nov 14, 2019.
             Was a High Priest of Trog.
             Demolished by an azure jelly (18 damage)
             ... on level 1 of the Pits of Slime.
             The game lasted 00:19:49 (16258 turns).

Fang the Fighter (Gargoyle Berserker)              Turns: 16258, Time: 00:19:50

Health: -14/94     AC: 33    Str: 27    XL:     14   Next: 15%
Magic:  14/14      EV: 12    Int: 14    God:    Trog [*****.]
Gold:   1092       SH:  0    Dex:  9    Spells: 13/13 levels left

rFire    . . .     SeeInvis +   f - +1 war axe (vamp)
rCold    + . .     Gourm    .   (no shield)
rNeg     + . .     Faith    .   b - +4 plate armour
rPois    ∞         Spirit   .   o - +2 helmet
rElec    +         Reflect  .   (no cloak)
rCorr    .         Harm     .   (no gloves)
MR       +++..                  (no boots)
Stlth    ..........             (no amulet)
HPRegen  1.25/turn              F - ring of see invisible
MPRegen  0.14/turn              g - ring of Yjudiwk {*Slow rElec rC+ Str+3 Int+4}

@: flying, starving, regenerating
A: big wings, negative energy resistance 1, electricity resistance, unbreathing,
petrification resistance, rot immunity, AC +10
a: Stop Flying, Berserk, Trog's Hand, Brothers in Arms, Renounce Religion


You were on level 1 of the Pits of Slime.
You worshipped Trog.
Trog was extremely pleased with you.
You were starving.

You visited 4 branches of the dungeon, and saw 18 of its levels.
You also visited: Ossuary.

You collected 1092 gold pieces.

Inventory:

Hand Weapons
 a - a +1 broad axe of freezing
 f - a +1 vampiric war axe (weapon)
Armour
 b - a +4 plate armour (worn)
 o - a +2 helmet (worn)
Jewellery
 g - the ring of Yjudiwk (right hand) {*Slow rElec rC+ Str+3 Int+4}
   (You found it on level 8 of the Dungeon)

   [ring of protection from cold]

   It affects your strength (+3).
   It affects your intelligence (+4).
   It protects you from cold.
   It insulates you from electricity.
   It may slow you when you take damage.
 q - an uncursed ring of ice
 v - an uncursed ring of protection from cold
 w - an uncursed ring of flight
 z - an uncursed amulet of the acrobat {unknown}
 D - an uncursed amulet of the gourmand {unknown}
 F - a ring of see invisible (left hand)
 H - a cursed ring of fire
Wands
 y - a wand of flame (1)
 B - a wand of random effects (14)
Scrolls
 d - 4 scrolls of remove curse
 e - a scroll of magic mapping
 h - a scroll of acquirement {unknown}
 j - 8 scrolls of teleportation
 l - 11 scrolls of identify
 m - a scroll of fear
 p - 3 scrolls of blinking
 G - a scroll of fog
Potions
 i - a potion of flight
 k - 5 potions of ambrosia
 n - 6 potions of mutation
 r - a potion of magic
 s - 2 potions of might
 t - 6 potions of curing
 u - a potion of berserk rage
 x - a potion of invisibility
 A - 2 potions of resistance
 C - a potion of cancellation {unknown}
 E - 4 potions of haste
Comestibles
 c - 29 rations


   Skills:
 + Level 13.3 Fighting
 + Level 11.4 Axes
 + Level 13.1 Armour
 + Level 10.4 Dodging


You had 13 spell levels left.
You didn't know any spells.
Your spell library was empty.

Dungeon Overview and Level Annotations

Branches:
Dungeon (11/15)            Temple (1/1) D:4            Lair (5/6) D:9
 Shoals (0/4) Lair:4        Snake (0/4) Lair:3        Slime (1/5) Lair:5
Ossuary (visited)
    Orc: D:9-12

Altars:
Dithmenos
Fedhas
Gozag
Makhleb
Nemelex Xobeh
Trog
Yredelemnul

Shops:
D:6 :   D:7 =

Annotations:
D:8 3 runed translucent doors, Fang's ghost, novice GrBe
Lair:1 exclusion: 3 oklob plants


Innate Abilities, Weirdness & Mutations

You are resistant to torment.
Your stone body is resilient. (AC +10)
You are immune to poison.
Your large and strong wings let you fly indefinitely.
You resist negative energy. (rN+)
You are resistant to electric shocks. (rElec)
You can survive without breathing.
You are immune to petrification.
You are immune to rotting.


Message History

You're standing next to a slime covered wall!
You're standing next to a slime covered wall!
You're standing next to a slime covered wall!
You're standing next to a slime covered wall!
You're standing next to a slime covered wall!
You're standing next to a slime covered wall!
You're standing next to a slime covered wall!
You are too injured to fight recklessly!
You're standing next to a slime covered wall!
You are too injured to fight recklessly!
Your skin crawls.
You feel resistant to hostile enchantments.
You are starving!
You are splashed with acid!
* * * LOW HITPOINT WARNING * * *
The azure jelly hits you but does no damage.
The azure jelly hits you.
* * * LOW HITPOINT WARNING * * *
The azure jelly freezes you!! You resist.
You die...

#..... ....# ##
#...##. ##.....
##.....#
##......##
#........##.#..
#...<.@J......
##....#.......
#........>...
#.............
#.............
#...#..........
##.###..###.#..
## #### ####


You could see an azure jelly.

Vanquished Creatures
  Kirke (Lair:4)
  Fannar (Lair:3)
  2 hydras (Lair:5)
  Urug (Lair:3)
  An unseen horror (D:11)
  An oklob plant (Lair:5)
  8 elephants
  Maurice (D:11)
  3 merfolk sirens (Lair:4)
  Joseph (D:7)
  5 black mambas
  6 spiny frogs
  5 rime drakes
  4 komodo dragons
  A troll (D:11)
  2 polar bears (D:11)
  A merfolk (Lair:4)
  A hornet (D:8)
  11 blink frogs
  8 hippogriffs
  Sigmund (D:2)
  A wyvern (D:9)
  44 yaks
  A spriggan (D:9)
  2 basilisks
  7 hogs (Lair:4)
  A hungry ghost (D:10)
  5 nagas (Lair:3)
  13 water moccasins
  8 porcupines
  8 orc warriors
  2 sky beasts
  A black bear (Lair:5)
  2 ogres
  7 ice beasts
  A necrophage (D:5)
  14 wolves
  A phantom (D:6)
  4 centaurs
  9 crocodiles
  16 bullfrogs
  A gnoll sergeant (D:11)
  2 wyvern zombies
  8 scorpions
  15 killer bees
  A howler monkey (D:10)
  9 wights
  6 electric eels
  4 crimson imps
  4 hounds
  4 centaur zombies
  6 orc priests
  3 centaur skeletons
  7 jellies
  10 orc wizards
  3 bullfrog skeletons
  10 worker ants
  4 iguanas
  A killer bee zombie (D:9)
  4 big kobold zombies (Ossuary)
  A bullfrog simulacrum (D:11)
  A hound zombie (D:5)
  A hound skeleton (D:4)
  4 mummies (Ossuary)
  5 gnolls
  16 adders
  2 shadow imps
  A white imp (D:11)
  3 ufetubi (D:11)
  An ooze (D:1)
  An adder zombie (D:9)
  4 adder skeletons
  3 worms
  3 dart slugs (D:2)
  5 leopard geckos
  24 orcs
  7 giant cockroaches
  10 goblins
  10 hobgoblins
  12 jackals
  7 kobolds
  3 quokkas
  A ball python (D:5)
  11 bats
  6 frilled lizards
  2 goblin zombies (D:7)
  A hobgoblin zombie (Ossuary)
  A jackal skeleton (D:4)
  A leopard gecko skeleton (D:5)
  8 rats
  A fungus (Lair:4)
470 creatures vanquished.

Vanquished Creatures (collateral kills)
  2 hydras
  4 yaks (Lair:5)
  A water moccasin (Lair:5)
  2 porcupines (Lair:5)
9 creatures vanquished.

Vanquished Creatures (others)
  A bush (Lair:4)
  9 fungi
  6 plants
16 creatures vanquished.

Grand Total: 495 creatures vanquished

Notes
Turn   | Place    | Note
-------+----------+-------------------------------------------
     0 | D:1      | Fang the Gargoyle Berserker began the quest for the Orb.
     0 | D:1      | Reached XP level 1. HP: 14/14 MP: 1/1
    63 | D:1      | Reached XP level 2. HP: 12/19 MP: 2/2
   258 | D:1      | Reached XP level 3. HP: 9/23 MP: 3/3
  1050 | D:1      | Reached ** piety under Trog
  1392 | D:2      | Reached XP level 4. HP: 24/29 MP: 4/4
  1475 | D:2      | Noticed Sigmund
  1488 | D:2      | Killed Sigmund
  1488 | D:2      | Reached XP level 5. HP: 34/34 MP: 5/5
  1488 | D:2      | Reached XP level 6. HP: 39/39 MP: 6/6
  1867 | D:2      | You fall into a shaft and drop 1 floor!
  3092 | D:4      | Noticed an ice beast
  3107 | D:4      | Reached *** piety under Trog
  3110 | D:4      | Killed an ice beast
  3165 | D:4      | Reached skill level 5 in Fighting
  3376 | D:4      | Found a staircase to the Ecumenical Temple.
  3457 | Temple   | Entered the Ecumenical Temple
  3494 | D:4      | Found a blossoming altar of Fedhas.
  3540 | D:4      | Reached XP level 7. HP: 30/44 MP: 7/7
  3932 | D:5      | Entered Level 5 of the Dungeon
  4181 | D:5      | Reached skill level 5 in Armour
  4440 | D:5      | Reached XP level 8. HP: 49/51 MP: 8/8
  4809 | D:5      | Reached **** piety under Trog
  4809 | D:5      | Received a gift from Trog
  4840 | D:5      | Reached skill level 5 in Axes
  5238 | D:6      | Found a burning altar of Makhleb.
  5308 | D:6      | Found Kaes's Book Shoppe.
  6087 | D:7      | Reached XP level 9. HP: 29/56 MP: 9/9
  6193 | D:7      | Found a sand-covered staircase.
  6201 | Ossuary  | Entered an ossuary
  6352 | Ossuary  | Reached skill level 5 in Dodging
  6831 | D:7      | Found Hycecw's Jewellery Shoppe.
  6878 | D:7      | Noticed Joseph
  6905 | D:7      | Killed Joseph
  7294 | D:8      | Noticed a hornet
  7305 | D:8      | Killed a hornet
  7509 | D:8      | Got a brightly glowing brass ring
  7602 | D:8      | Found a runed translucent gate.
  7603 | D:8      | Found a runed translucent gate.
  7603 | D:8      | Found an opulent altar of Gozag.
  7604 | D:8      | Found a runed translucent gate.
  7606 | D:8      | Noticed Fang's ghost (novice GrBe)
  7638 | D:8      | Reached ***** piety under Trog
  7645 | D:8      | Reached XP level 10. HP: 62/64 MP: 10/10
  7665 | D:8      | Identified the ring of Yjudiwk {*Slow rElec rC+ Str+3
                  | Int+4} (You found it on level 8 of the Dungeon)
  8088 | D:9      | Found a shadowy altar of Dithmenos.
  8165 | D:9      | Received a gift from Trog
  8229 | D:9      | Found a staircase to the Lair.
  8987 | D:10     | Entered Level 10 of the Dungeon
  9006 | D:10     | Reached XP level 11. HP: 67/71 MP: 11/11
  9345 | D:10     | Reached skill level 10 in Fighting
  9813 | D:11     | Received a gift from Trog
  9823 | D:11     | Found a basalt altar of Yredelemnul.
  9887 | D:11     | Reached skill level 10 in Armour
  9960 | D:11     | Killed an unseen horror
 10068 | D:11     | Noticed Maurice
 10122 | D:11     | Killed Maurice
 10253 | D:11     | Reached XP level 12. HP: 58/79 MP: 12/12
 10930 | Lair:1   | Entered Level 1 of the Lair of Beasts
 11015 | Lair:1   | Reached ****** piety under Trog
 11132 | Lair:1   | Received a gift from Trog
 12703 | Lair:3   | Reached skill level 10 in Axes
 12908 | Lair:3   | Noticed Fannar
 12934 | Lair:3   | Killed Fannar
 13055 | Lair:3   | Reached XP level 13. HP: 86/86 MP: 13/13
 13804 | Lair:3   | Found a staircase to the Snake Pit.
 13912 | Lair:3   | Noticed Urug
 13935 | Lair:3   | Killed Urug
 14387 | Lair:4   | Received a gift from Trog
 14561 | Lair:4   | Noticed Kirke
 14583 | Lair:4   | Killed Kirke
 14583 | Lair:4   | Reached skill level 10 in Dodging
 15011 | Lair:4   | Found a staircase to the Shoals.
 15139 | Lair:5   | Found a staircase to the Slime Pits.
 15530 | Lair:5   | Gained mutation: Your large and strong wings let you fly
                  | indefinitely. [Gargoyle growth]
 15530 | Lair:5   | Reached XP level 14. HP: 94/94 MP: 14/14
 16253 | Slime:1  | Entered Level 1 of the Pits of Slime
 16253 | Slime:1  | Noticed an azure jelly
 16258 | Slime:1  | HP: 4/94 [acid (7)]
 16258 | Slime:1  | Demolished by an azure jelly

Levels and vault maps discovered:
D:1:      minmay_arrival_nine_rooms, layout_basic, minmay_pentomino_x2
D:2:      layout_loops_cross, first_ration, uniq_sigmund
D:3:      layout_basic
D:4:      layout_basic, fedhas_altar_2, minmay_temple_entry_drinking_statues,
          minmay_checkerbox
D:5:      layout_loops_corners, portal_sewer_entry_e
D:6:      layout_layer_cave, bloody_makhleb, serial_shops, shop
D:7:      layout_rooms, serial_shops, shop, enter_ossuary_4, uniq_joseph
D:8:      layout_gridville, ebering_ghost_gozag
D:9:      layout_basic, grunt_lair_entry_orc_guard_hut, basic_altar,
          grunt_pizzeria, hex_large, kennysheep_generic_room_12
D:10:     layout_irregular_city, kennysheep_generic_room_13
D:11:     layout_basic, basic_altar, serial_ice, serial_ice_i, serial_ice_h,
          serial_ice_a, serial_ice_c, serial_ice_b, serial_ice_o, serial_ice_d,
          serial_ice_f, uniq_maurice
Temple:   regret_index_temple_chain_breaker
Lair:1:   layout_cave_shapes, chequers_serial_rivers_small_b,
          columned_hall_lemuel, minmay_lair_oklob_chamber, grunt_megastairs_2,
          serial_bayou_shore_a
Lair:2:   layout_cave_pods, chequers_serial_rivers_micro_d
Lair:3:   layout_cave_shapes, minmay_snake_entry_guardpost_medium,
          serial_bayou_shore_b, uniq_fannar, uniq_urug
Lair:4:   layout_hall_layers, elwin_shoals_entry_stream, minivault_24,
          grunt_forest_stairs_basic, serial_bayou_shore_b, uniq_kirke
Lair:5:   layout_regular_city, slime_dummy
Slime:1:  layout_caves

Skill      XL: |  1  2  3  4  5  6  7  8  9 10 11 12 13 14 |
---------------+-------------------------------------------+-----
Axes           | 3 4 5 6 8 9 10 11 | 11.4
Dodging        | 2 3 4 6 7 8 9 10 | 10.4
Armour         | 3 4 5 6 7 9 10 11 12 13 | 13.1
Fighting       | 4 5 6 8 9 10 12 13 | 13.3

Action                   |  1- 3 |  4- 6 |  7- 9 | 10-12 | 13-15 || total
-------------------------+-------+-------+-------+-------+-------++-------
Melee: Hand axe          |   118 |   148 |    59 |       |       ||   325
       Broad axe         |       |       |   365 |    73 |       ||   438
       War axe           |       |       |       |   810 |   463 ||  1273
Invok: Berserk           |     1 |     3 |     3 |     4 |     4 ||    15
       Brothers in Arms  |       |       |       |       |     4 ||     4
       Trog's Hand       |       |       |       |       |     1 ||     1
 Abil: Fly               |       |       |       |       |     1 ||     1
  Use: Scroll            |       |       |    25 |     3 |     3 ||    31
       Potion            |       |       |       |     1 |       ||     1
 Stab: Held in net/web   |       |       |       |       |     1 ||     1
  Eat: Chunk             |     3 |     8 |    18 |    23 |    15 ||    67
       Ration            |       |       |       |     1 |       ||     1
Armor: Animal skin       |    50 |    48 |    31 |       |       ||   129
       Plate armour      |       |       |   331 |  1097 |   540 ||  1968
Dodge: Dodged            |   109 |    91 |   255 |   739 |   380 ||  1574
